 Dungeon Crawl Stone Soup version 0.23.2-40-g277498a (webtiles) character file.

Game seed: 14102752131248217776

821 zhovat1 the Magician (level 7, -4/40 HPs)
             Began as a Deep Elf Earth Elementalist on Aug 24, 2019.
             Was an Initiate of Vehumet.
             Slain by a sky beast (6 damage)
             ... on level 6 of the Dungeon.
             The game lasted 00:07:44 (5771 turns).

zhovat1 the Magician (Deep Elf Earth Elementalist)  Turns: 5771, Time: 00:07:45

Health: -4/40      AC:  8    Str:  5    XL:     7   Next: 63%
Magic:  15/17      EV: 15    Int: 22    God:    Vehumet [......]
Gold:   256        SH:  0    Dex: 15    Spells: 12/16 levels left

rFire    . . .     SeeInvis .   q - +3 mace
rCold    + . .     Gourm    +   (no shield)
rNeg     . . .     Faith    .   c - +2 robe
rPois    .         Spirit   .   (no helmet)
rElec    .         Reflect  .   (no cloak)
rCorr    .         Harm     .   (no gloves)
MR       .....                  (no boots)
Stlth    ++........             f - amulet of the gourmand
HPRegen  0.13/turn              v - ring of protection from cold
MPRegen  0.15/turn              p - +4 ring of protection

@: no status effects
A: no striking features
a: Renounce Religion


You were on level 6 of the Dungeon.
You worshipped Vehumet.
Vehumet was noncommittal.
You were very full.

You visited 2 branches of the dungeon, and saw 8 of its levels.

You collected 256 gold pieces.

Inventory:

Hand Weapons
 q - a +3 mace (weapon)
Missiles
 b - 38 stones (quivered)
Armour
 c - a +2 robe (worn)
Jewellery
 f - an amulet of the gourmand (around neck)
 l - an uncursed ring of resist corrosion
 p - a +4 ring of protection (right hand)
 v - a ring of protection from cold (left hand)
Wands
 r - a wand of acid (7)
 u - a wand of clouds (3)
Scrolls
 a - a scroll of amnesia
 h - a scroll of teleportation
 i - a scroll of identify
 m - 2 scrolls of remove curse
Potions
 e - a potion of curing
 g - 2 potions of flight
 k - a potion of might
 n - a potion of degeneration
 o - 3 potions of agility
 s - a potion of lignification
 t - a potion of ambrosia
Comestibles
 d - 13 rations


   Skills:
 + Level 2.5 Fighting
 + Level 2.0 Maces & Flails
 + Level 4.7 Dodging
 - Level 2.4 Stealth
 + Level 5.4 Spellcasting
 * Level 4.2 Conjurations
   Level 1.1 Transmutations
 + Level 4.9 Earth Magic
 + Level 0.4 Evocations


You had 12 spell levels left.
You knew the following spells:

 Your Spells              Type           Power        Failure   Level  Hunger
a - Sandblast             Erth           ####..       1%          1    None
b - Stone Arrow           Conj/Erth      ####..       4%          3    ##.....

Your spell library contained the following spells:

 Spells                   Type           Power        Failure   Level  Hunger
 Passwall                 Tmut/Erth      ###.....     4%          2    None
 Petrify                  Tmut/Erth      ###.....     28%         4    ####...
 Lee's Rapid Deconstruct  Erth           ####......   34%         5    #####..


Dungeon Overview and Level Annotations

Branches:
Dungeon (7/15)             Temple (1/1) D:5

Altars:
Ashenzari
Cheibriados
Dithmenos
Elyvilon
Fedhas
Gozag
Hepliaklqana
Kikubaaqudgha
Makhleb
Nemelex Xobeh
Okawaru
Qazlal
Ru
Sif Muna
Trog
Uskayaw
Vehumet
Wu Jian
Xom
Yredelemnul
Zin
The Shining One

Shops:
D:5 }


Message History

The blast of sand hits the sky beast!
The sky beast is moderately wounded.
b - 39 stones The sky beast hits you.
* * * LOW HITPOINT WARNING * * *
The sky beast shocks you.
* * * LOW HITPOINT WARNING * * *
Casting: Sandblast (safe; 1% risk of failure)
Confirm with . or Enter, or press ? or * to list all spells.
Aiming: Sandblast (safe; 1% risk of failure)
Press: ? - help, Shift-Dir - straight line, f/p - sky beast
Aim: a sky beast (moderately wounded)
The blast of sand misses the sky beast.
b - 38 stones The sky beast flickers out of sight!
Deactivating autopickup; reactivate with Ctrl-A.
Something hits you.
* * * LOW HITPOINT WARNING * * *
Something shocks you.
You die...

#.# #.######
#.###.....(#
#........#.# ######
#)###.##.#.# ......###
#.# #.#<.#.# ........#
#.###.####.# ........#
#..........#
........###..##.######
........{@.....>#
......#####..####
..).. #..# ##.. #..#
... #..# ..
#..############# .
#..............#
#######...########.###
#.........# #.#


There were no monsters in sight!

Vanquished Creatures
  A sky beast (D:6)
  2 ogres
  A scorpion (D:3)
  2 hounds
  An iguana (D:5)
  2 orc wizards
  4 worker ants
  A statue (D:4)
  A hound zombie (D:3)
  2 hound skeletons
  3 gnolls (D:5)
  8 adders
  A shadow imp (D:5)
  3 worms
  A dart slug (D:3)
  6 leopard geckos
  18 orcs
  4 giant cockroaches
  4 goblins
  9 hobgoblins
  2 jackals (D:2)
  A ball python (D:2)
  7 bats
  4 frilled lizards
  A jackal skeleton (D:4)
  2 kobolds
  2 quokka skeletons (D:4)
  10 rats
103 creatures vanquished.

Notes
Turn   | Place    | Note
-------+----------+-------------------------------------------
     0 | D:1      | zhovat1 the Deep Elf Earth Elementalist began the quest for
                  | the Orb.
     0 | D:1      | Reached XP level 1. HP: 10/10 MP: 6/6
   290 | D:1      | Reached XP level 2. HP: 16/16 MP: 6/8
   787 | D:2      | Reached XP level 3. HP: 19/20 MP: 8/10
   929 | D:2      | Reached skill level 1 in Fighting
  1364 | D:2      | Found a shattered altar of Ashenzari.
  1439 | D:2      | Learned a level 3 spell: Stone Arrow
  1770 | D:3      | Reached XP level 4. HP: 20/25 MP: 8/11
  1774 | D:3      | Reached skill level 4 in Spellcasting
  1774 | D:3      | Reached skill level 1 in Conjurations
  2046 | D:3      | Found a blossoming altar of Fedhas.
  2049 | D:3      | Found a basalt altar of Yredelemnul.
  2052 | D:3      | Found a sparkling altar of Nemelex Xobeh.
  2055 | D:3      | Found a hide-covered altar of Uskayaw.
  2145 | D:3      | Reached XP level 5. HP: 29/29 MP: 11/13
  2915 | D:3      | Reached skill level 1 in Maces & Flails
  3290 | D:4      | Found a radiant altar of Vehumet.
  3290 | D:4      | Noticed a charred statue
  3324 | D:4      | Reached XP level 6. HP: 16/35 MP: 9/14
  3540 | D:4      | Found a shadowy altar of Dithmenos.
  3615 | D:4      | You fall through a shaft for 3 floors!
  3619 | D:7      | Noticed an ice beast
  3631 | D:6      | Noticed a sky beast
  3634 | D:6      | Killed a sky beast
  3767 | D:5      | Entered Level 5 of the Dungeon
  3796 | D:5      | Found a staircase to the Ecumenical Temple.
  3805 | Temple   | Entered the Ecumenical Temple
  3920 | D:5      | Reached skill level 5 in Spellcasting
  4448 | D:4      | Reached XP level 7. HP: 23/40 MP: 16/16
  4450 | D:4      | Became a worshipper of Vehumet
  5351 | D:5      | Found Anlal's Gadget Emporium.
  5771 | D:6      | HP: 2/40 [something (2)]
  5771 | D:6      | Slain by a sky beast

Skill      XL: |  1  2  3  4  5  6  7 |
---------------+----------------------+-----
Dodging        | 3 4 |  4.7
Fighting       | 1 2 |  2.5
Spellcasting   | 4 5 |  5.4
Conjurations   | 1 2 3 4 |  4.2
Earth Magic    | 4 |  4.9
Maces & Flails | 1 2 |  2.0
Stealth        | |  2.4
Transmutations | |  1.1
Evocations     | |  0.4

Action                   |  1- 3 |  4- 6 |  7- 9 || total
-------------------------+-------+-------+-------++-------
Melee: Unarmed           |     4 |       |       ||     4
       Whip              |     2 |       |       ||     2
       Mace              |    28 |   119 |     8 ||   155
 Cast: Sandblast         |    44 |    55 |    30 ||   129
  Use: Scroll            |     7 |     3 |     4 ||    14
       Potion            |       |     1 |       ||     1
 Stab: Sleeping          |       |     3 |     2 ||     5
  Eat: Chunk             |    13 |     6 |     6 ||    25
Armor: Robe              |    10 |    62 |     8 ||    80
Dodge: Dodged            |    33 |   136 |    24 ||   193
